AoeStats
← Sekekama

Arabia

510515953Analyzed
1v1 RM · 16h ago on Oct 1, 2026· 46m 51s· 2 players
Game mode
Random Map
Map size
Tiny (2 player)
Population
200
Speed
Normal
Resources
Standard
Victory
Conquest
Starting age
Dark Age
Ending age
Imperial Age
RankedLock teamsTeams togetherTeam positionsShared explorationLock speedFull tech treeHidden civsTurbo modeCheats
Victory
Defeat
🇨🇴 Celts · Colombia
1313
+17
🇦🇷 Turks · Argentina
1345
-17
Sekekama
6:56 Loom
9:18 Feudal Age
10:25 Man-at-Arms
13:50 Forging
13:41 Arson
14:54 Horse Collar
15:41 Scale Mail Armor
21:15 Castle Age
19:47 Gold Mining
21:20 Scale Mail Armor
21:46 Double-Bit Axe
21:29 Long Swordsman
22:11 Gambesons
23:21 Pikeman
27:26 Wheelbarrow
28:59 Town Watch
31:47 Fletching
32:13 Heavy Plow
32:35 Bodkin Arrow
32:04 Elite Skirmisher
33:29 Padded Archer Armor
36:14 Ballistics
38:27 Imperial Age
37:33 Hand Cart
37:35 Masonry
39:28 Leather Archer Armor
40:15 Chemistry
39:43 Conscription
40:27 Capped Ram
41:33 Chain Mail Armor
41:53 Iron Casting
40:39 Two-Handed Swordsman
41:35 Siege Engineers
41:19 Champion
42:19 Furor Celtica
41:55 Siege Ram
44:50 Stronghold
46:33 Plate Mail Armor
47:04 Blast Furnace
Turkish Killer
6:21 Loom
9:20 Feudal Age
16:21 Double-Bit Axe
21:23 Castle Age
19:25 Horse Collar
20:50 Scale Barding Armor
20:57 Bloodlines
20:53 Town Watch
22:15 Bow Saw
22:43 Husbandry
22:57 Stone Mining
25:57 Wheelbarrow
27:58 Fletching
37:31 Chain Barding Armor
39:07 Forging
42:27 Hand Cart
43:03 Heavy Plow
47:55 Imperial Age
45:42 Bodkin Arrow
Connection lost

Rejoining the realm…

Still unreachable

The connection could not be restored.

Session expired

The server has moved on; the page needs a fresh start.